 Dungeon Crawl Stone Soup version 0.30-a0-989-g0d87f670db (webtiles) character file.

Game seed: 453250400128381858

52 2tousent the Grave Robber (level 3, 0/26 HPs)
             Began as a Gnoll Necromancer on Apr 3, 2023.
             Slain by a gnoll
             ... wielding a +0 club
              (7 damage)
             ... on level 2 of the Dungeon.
             The game lasted 00:01:53 (1202 turns).

2tousent the Grave Robber (Gnoll Necromancer)       Turns: 1202, Time: 00:01:53

Health: 0/26       AC:  3    Str:  9    XL:     3   Next: 85%
Magic:  9/9        EV: 13    Int: 14    God:
Gold:   85         SH:  0    Dex: 12    Spells: 8/12 levels left

rFire   . . .      SeeInvis .    e - +1 whip (venom)
rCold   . . .      Faith    .    (no shield)
rNeg    . . .      Spirit   .    a - +1 robe
rPois   .          Reflect  .    (no helmet)
rElec   .          Rampage  .    (no cloak)
rCorr   .                        (no gloves)
Will    .....                    (no boots)
Stlth   ++                       (no amulet)
HPRegen 0.24/turn                (no ring)
MPRegen 0.11/turn                (no ring)

@: no status effects
A: fangs 1, strong nose, distributed training
a: no special abilities


You were on level 2 of the Dungeon.
You visited 1 branch of the dungeon, and saw 2 of its levels.

You collected 85 gold pieces.

Inventory:

Hand Weapons
 e - a +1 whip of venom (weapon)
Armour
 a - a +1 robe (worn)
Magical Staves
 d - a staff of cold
Scrolls
 f - 3 scrolls of noise {unknown}
 g - a scroll of magic mapping {unknown}
Potions
 b - a potion of magic


   Skills:
 + Level 1.0 Fighting
 + Level 1.0 Short Blades
 + Level 1.0 Long Blades
 + Level 1.0 Axes
 + Level 1.0 Maces & Flails
 + Level 1.0 Polearms
 + Level 1.0 Staves
 + Level 1.0 Ranged Weapons
 + Level 1.0 Throwing
 + Level 1.0 Armour
 + Level 4.6 Dodging
 + Level 4.2 Stealth
 + Level 1.0 Shields
 + Level 1.0 Unarmed Combat
 + Level 5.0 Spellcasting
 + Level 0.7 Conjurations
 + Level 0.7 Hexes
 + Level 0.7 Summonings
 + Level 7.1 Necromancy
 + Level 0.7 Translocations
 + Level 0.7 Transmutations
 + Level 0.7 Fire Magic
 + Level 0.7 Ice Magic
 + Level 0.7 Air Magic
 + Level 0.7 Earth Magic
 + Level 0.7 Poison Magic
 + Level 1.1 Invocations
 + Level 1.0 Evocations


You had 8 spell levels left.
You knew the following spells:

 Your Spells              Type           Power      Damage    Failure   Level
a - Necrotise             Necr           92%        1d8       1%          1
b - Vampiric Draining     Necr           23%        2d7       2%          3

Your spell library contained the following spells:

 Spells                   Type           Power      Damage    Failure   Level
 Animate Dead             Necr           23%        N/A       10%         4
 Agony                    Necr           23%        N/A       26%         5


Dungeon Overview and Level Annotations

Branches:
Dungeon (2/15)

Altars:

Shops:
D:1 (   D:2 [


Innate Abilities, Weirdness & Mutations

You have very sharp teeth.
Your uncanny sense of smell can sniff out nearby items.
Your experience applies equally to all skills.


Message History

Your Maces & Flails skill increases to level 1!
Your Polearms skill increases to level 1!
Your Staves skill increases to level 1!
Your Ranged Weapons skill increases to level 1!
Your Throwing skill increases to level 1!
Your Armour skill increases to level 1!
Your Shields skill increases to level 1!
Your Unarmed Combat skill increases to level 1!
Your Evocations skill increases to level 1!
Unknown command.
You barely miss the gnoll.
The gnoll completely misses your kobold skeleton.
Your kobold skeleton hits the gnoll but does no damage.
You hit the gnoll.
The gnoll is poisoned.
The gnoll is moderately wounded.
The gnoll hits your kobold skeleton with a +0 spear.
Your kobold skeleton is destroyed!
The gnoll hits you from afar with a +0 halberd!
Ouch! That really hurt!
* * * LOW HITPOINT WARNING * * *
You feel better. The gnoll closely misses you. The gnoll misses you.
It was a potion of heal wounds.
You feel much better. The gnoll hits you with a +0 club.
The gnoll hits you from afar with a +0 halberd!
You are too injured to fight recklessly!
You are too injured to fight recklessly!
The gnoll attacks as you move away! The gnoll hits you with a +0 club.
* * * LOW HITPOINT WARNING * * *
The gnoll attacks as you move away! The gnoll hits you but does no damage.
The gnoll attacks as you move away! The gnoll hits you with a +0 club.
* * * LOW HITPOINT WARNING * * *
The gnoll attacks as you move away! The gnoll completely misses you.
The gnoll attacks as you move away! The gnoll completely misses you.
The gnoll attacks as you move away! The gnoll hits you but does no damage.
The gnoll attacks as you move away! The gnoll hits you with a +0 club.
* * * LOW HITPOINT WARNING * * *
The gnoll attacks as you move away! The gnoll hits you with a +0 club.
* * * LOW HITPOINT WARNING * * *
You feel better. The gnoll hits you with a +0 club!
You die...

#. #### #.. ..# .g
#.## #.# #g
#.##.##.#### #g
#.##...g.g.#
#g###.#####.##.# #
#g#.......#.##g#
#.#Z#....g....##@#
....#.......####.#
#)).......# #.####
#.##.......#
#....# #.
#.......# ####.# #
#........# #.# .
......##### ##.#
##.###..# #..# ###
.#.# #.##


You could see 2 gnolls.

Vanquished Creatures
  An adder (D:2)
  2 gnolls
  2 bats (D:1)
  3 endoplasms (D:1)
  A giant cockroach (D:1)
  4 goblins
  3 hobgoblins
  4 kobolds
  A frilled lizard (D:1)
  A rat (D:1)
22 creatures vanquished.

Notes
Turn   | Place    | Note
-------+----------+-------------------------------------------
     0 | D:1      | 2tousent the Gnoll Necromancer began the quest for the Orb.
     0 | D:1      | Reached XP level 1. HP: 13/13 MP: 6/6
   228 | D:1      | Reached XP level 2. HP: 19/19 MP: 5/7
   392 | D:1      | Found Iviasywa's Weapon Shop.
   492 | D:1      | Reached skill level 5 in Spellcasting
   492 | D:1      | Reached XP level 3. HP: 25/25 MP: 5/9
   888 | D:2      | Reached skill level 1 in Invocations
   897 | D:2      | Learned a level 3 spell: Vampiric Draining
  1076 | D:2      | Found Ruzacoje's Antique Armour Emporium.
  1088 | D:2      | Identified the +6 hand axe "Ummasuer" {drain, rElec}
  1184 | D:2      | Reached skill level 1 in Fighting
  1184 | D:2      | Reached skill level 1 in Short Blades
  1184 | D:2      | Reached skill level 1 in Long Blades
  1184 | D:2      | Reached skill level 1 in Axes
  1184 | D:2      | Reached skill level 1 in Maces & Flails
  1184 | D:2      | Reached skill level 1 in Polearms
  1184 | D:2      | Reached skill level 1 in Staves
  1184 | D:2      | Reached skill level 1 in Ranged Weapons
  1184 | D:2      | Reached skill level 1 in Throwing
  1184 | D:2      | Reached skill level 1 in Armour
  1184 | D:2      | Reached skill level 1 in Shields
  1184 | D:2      | Reached skill level 1 in Unarmed Combat
  1184 | D:2      | Reached skill level 1 in Evocations
  1199 | D:2      | HP: 1/26 [gnoll/+0 club (4)]
  1202 | D:2      | Slain by a gnoll

Illustrated notes

Levels and vault maps discovered:
D:1:      pf_arrival_petrified_forest, layout_loops_ring, serial_shops,
          nicolae_shop_stone
D:2:      layout_loops_cross, serial_shops, shop, minmay_divided_ellipse

Skill      XL: |  1  2  3 |
---------------+----------+-----
Spellcasting   | 5 |  5.0
Invocations    | 1 |  1.1
Fighting       | 1 |  1.0
Short Blades   | 1 |  1.0
Long Blades    | 1 |  1.0
Axes           | 1 |  1.0
Maces & Flails | 1 |  1.0
Polearms       | 1 |  1.0
Staves         | 1 |  1.0
Ranged Weapons | 1 |  1.0
Throwing       | 1 |  1.0
Armour         | 1 |  1.0
Shields        | 1 |  1.0
Unarmed Combat | 1 |  1.0
Evocations     | 1 |  1.0
Dodging        | |  4.6
Stealth        | |  4.2
Conjurations   | |  0.7
Hexes          | |  0.7
Summonings     | |  0.7
Necromancy     | |  7.1
Translocations | |  0.7
Transmutations | |  0.7
Fire Magic     | |  0.7
Ice Magic      | |  0.7
Air Magic      | |  0.7
Earth Magic    | |  0.7
Poison Magic   | |  0.7

Action                     || total
---------------------------++-------
  Melee: Whip              ||     9
         Bite              ||     2
   Cast: Necrotise         ||    36
    Use: Scroll            ||     4
         Potion            ||     3
 Armour: Robe              ||     4
  Dodge: Dodged            ||     9

Table legend: (Time is in decaauts)
 A = Elapsed time spent in this place.
 B = Non-inter-level travel time spent in this place.
 C = Inter-level travel time spent in this place.
 D = Time resting spent in this place.
 E = Time spent auto-exploring this place.
 F = Levels seen in this place.
 G = Mean time per level.
                   A        B        C        D        E       F      G
               +--------+--------+--------+--------+--------+-----+--------+
         Total |   1201 |   1179 |     22 |     36 |    991 |   2 |  600.5 |
       Dungeon |   1201 |   1179 |     22 |     36 |    991 |   2 |  600.5 |
               +--------+--------+--------+--------+--------+-----+--------+

Top non-repeatable levels by time:
     D:1: 773 daAuts
     D:2: 427 daAuts
